[Event "10th Mumbai Mayors Cup 2017"]
[Site "Mumbai"]
[Date "2017.06.04"]
[Round "1"]
[White "Dixit, Nikhil"]
[Black "Murshed, Niaz"]
[Result "0-1"]
[ECO "B50"]
[WhiteElo "2101"]
[BlackElo "2423"]
[Annotator "ChessBase"]
[PlyCount "96"]
[EventDate "2017.06.04"]
[EventType "swiss"]
[EventCountry "IND"]
[SourceTitle "playchess.com"]
[Source "ChessBase"]
[SourceQuality "1"]
[TimeControl "5400+30"]

1. e4 c5 2. Nf3 e6 3. b3 d6 4. Bb2 Nf6 5. Bb5+ Nbd7 6. Nc3 Be7 7. Qe2 O-O 8. O-O-O e5 9. Nh4 g6 10. g3 Nb8 11. f4 Bg4 12. Nf3 a6 13. Bc4 Nc6 14. Nd5 b5 15. Nxf6+ Bxf6 16. Bd5 Rc8 17. h3 Bxf3 18. Qxf3 Nb4 19. Rdf1 Nxa2+ 20. Kb1 Nb4 21. fxe5 Bxe5 22. Bxe5 dxe5 23. h4 Nxd5 24. exd5 c4 25. h5 cxb3 26. Qxb3 Qd6 27. Qe3 Qxd5 28. Qh6 Qe4 29. hxg6 Qxc2+ 30. Ka1 Qxg6 31. Rf6 Qxh6 32. Rfxh6 Rc7 33. Rxa6 Rd8 34. Rb6 Rxd2 35. Rxb5 f6 36. g4 Rg2 37. Rb4 Kg7 38. Kb1 Rd7 39. Kc1 Kg6 40. Kb1 Rd4 41. Rb7 Rgxg4 42. Rbxh7 Rd1+ 43. Rxd1 Kxh7 44. Kc2 Kg6 45. Rh1 Rd4 46. Rg1+ Kf5 47. Rg8 e4 48. Re8 Kf4 0-1

[Event "10th Mumbai Mayors Cup 2017"]
[Site "Mumbai"]
[Date "2017.06.05"]
[Round "2"]
[White "Wagh Suyog"]
[Black "Manush Shah"]
[Result "1-0"]
[ECO "D45"]
[WhiteElo "2215"]
[BlackElo "2056"]
[Annotator "NA RC"]
[PlyCount "85"]
[EventDate "2017.06.04"]
[EventType "swiss"]
[EventCountry "IND"]
[SourceTitle "playchess.com"]
[Source "ChessBase"]
[SourceQuality "1"]
[TimeControl "5400+30"]

1. d4 d5 2. c4 c6 3. Nf3 Nf6 4. e3 e6 5. b3 Nbd7 6. Bb2 Bd6 7. Bd3 O-O 8. O-O b6 9. Qc2 Bb7 10. Nc3 Rc8 11. e4 dxc4 12. bxc4 e5 13. Ne2 Qe7 14. Ng3 g6 15. Rae1 Rfe8 $11 16. dxe5 Nxe5 17. Nxe5 Bxe5 18. f4 Bxb2 19. Qxb2 Rcd8 20. Bb1 Ng4 21. Rf3 Qc5+ 22. Kh1 Qxc4 23. h3 Nh6 24. Qf6 Qd4 25. e5 c5 26. Rfe3 Qb2 27. Rg1 Rd1 28. Be4 Rxg1+ 29. Kxg1 Bxe4 30. Rxe4 Qb1+ 31. Kh2 Nf5 32. Nxf5 gxf5 33. Qg5+ Kf8 34. Re3 Re6 35. Rg3 Rg6 36. Qd8+ Kg7 37. Qf6+ Kg8 38. e6 fxe6 39. Qd8+ Kg7 40. Rd3 Rf6 41. Rd7+ Rf7 42. Qg5+ Kf8 43. Rd8# 1-0

[Event "10th Mumbai Mayors Cup 2017"]
[Site "Mumbai"]
[Date "2017.06.05"]
[Round "3"]
[White "Rathnakaran, K."]
[Black "Shrutarshi Ray"]
[Result "0-1"]
[ECO "B75"]
[WhiteElo "2378"]
[BlackElo "1852"]
[Annotator "NA"]
[PlyCount "156"]
[EventDate "2017.06.04"]
[EventType "swiss"]
[EventCountry "IND"]
[SourceTitle "playchess.com"]
[Source "ChessBase"]
[SourceQuality "1"]
[TimeControl "5400+30"]

1. e4 c5 2. Nf3 d6 3. d4 cxd4 4. Nxd4 Nf6 5. Nc3 g6 6. Be3 Bg7 7. f3 a6 8. Qd2 h5 9. O-O-O b5 10. Kb1 Bb7 11. Nb3 Nbd7 12. h4 Rc8 13. a4 $11 b4 14. Na2 a5 15. Bb5 Bc6 16. Bxc6 Rxc6 17. f4 Qc7 18. Qd3 O-O 19. Nd4 Nc5 20. Qc4 Ng4 21. Bg1 Bxd4 22. Bxd4 Nxe4 23. Qb3 e5 24. Rhe1 exd4 25. Rxe4 Nf2 26. Rdxd4 Nxe4 27. Rxe4 Qd7 28. Nc1 Qf5 29. Re2 Qxf4 30. g3 Qf1 31. Qd5 Rfc8 32. Qd3 Qg1 33. Qf3 Rc5 34. Qg2 Qxg2 35. Rxg2 Rd5 36. Nb3 Kg7 37. Nd2 f6 38. Nf3 Kf7 39. Ka2 Rc4 40. Kb3 Re4 41. Nd2 Re3+ 42. Kc4 Rc5+ 43. Kd4 Ree5 44. Nf3 Red5+ 45. Ke3 Rc4 46. Ne1 Re5+ 47. Kd2 g5 48. hxg5 Rxg5 49. Nf3 Rgc5 50. Kd3 Rg4 51. Nh2 Rgg5 52. Nf3 Rg4 53. Ke3 Rc8 54. Nh2 Rgc4 55. Kd3 R4c5 56. Nf1 Rg8 57. Rh2 Rf5 58. Rh1 Rxf1 59. Rxf1 Rxg3+ 60. Kc4 h4 61. Rh1 h3 62. Kb5 Rg5+ 63. Kc6 Rc5+ 64. Kxd6 Rxc2 65. Rxh3 Rxb2 66. Rh5 Rd2+ 67. Kc6 Ra2 68. Rxa5 b3 69. Rb5 Rxa4 70. Rxb3 f5 71. Rb6 Ra5 72. Kd7 f4 73. Rh6 f3 74. Rh2 Rd5+ 75. Kc6 Rf5 76. Rf2 Ke6 77. Kb6 Ke5 78. Kc5 Ke4+ 0-1

[Event "10th Mumbai Mayors Cup 2017"]
[Site "Mumbai"]
[Date "2017.06.05"]
[Round "3"]
[White "Navalgund, Niranjan"]
[Black "Meenal Gupta"]
[Result "1/2-1/2"]
[ECO "E06"]
[WhiteElo "2351"]
[BlackElo "1909"]
[Annotator "NA"]
[PlyCount "197"]
[EventDate "2017.06.04"]
[EventType "swiss"]
[EventCountry "IND"]
[SourceTitle "playchess.com"]
[Source "ChessBase"]
[SourceQuality "1"]
[TimeControl "5400+30"]

1. d4 Nf6 2. c4 e6 3. g3 d5 4. Nf3 Bb4+ 5. Bd2 Be7 6. Bg2 O-O 7. O-O c6 8. Qc2 b6 9. Bf4 Bb7 10. Ne5 Nfd7 11. Rd1 Nxe5 12. dxe5 Qc8 13. Nc3 Nd7 14. h4 Rd8 15. cxd5 cxd5 16. e4 dxe4 17. Bxe4 Bxe4 18. Qxe4 Nc5 19. Qe2 Qa6 20. Qxa6 Nxa6 21. Nb5 Nb4 22. Rxd8+ Rxd8 23. a3 Nd3 24. Be3 Nxb2 25. Nxa7 Rd1+ 26. Rxd1 Nxd1 27. Bxb6 Bxa3 28. Kg2 h5 29. Kf3 Nc3 30. Bd4 Nd5 31. Ke4 Kf8 32. Nb5 Bb4 33. Bb2 Ke7 34. Bc1 Nc3+ 35. Nxc3 Bxc3 36. Bg5+ Kf8 37. f3 Kg8 38. g4 g6 39. gxh5 gxh5 40. f4 Kg7 41. f5 Kh7 42. Be3 Be1 43. Bg5 Bc3 44. Be7 Kg7 45. Bf6+ Kh7 46. Kf4 Bd2+ 47. Ke4 Bc3 48. Bd8 Kg7 49. Bg5 Kh7 50. Bf6 Be1 51. Bg5 Bc3 52. Be3 Be1 53. Bg5 Bc3 54. Be7 Kg7 55. Bd8 Kh7 56. Bg5 Kg7 57. Bf6+ Kh7 58. Kf4 Bd2+ 59. Ke4 Be1 60. Bg5 Bc3 61. Bc1 Be1 62. Bg5 Bc3 63. Bd8 Kg7 64. Kf4 Bd2+ 65. Ke4 Bc3 66. Bg5 Kh7 67. Bf4 Be1 68. Bg5 Bc3 69. Bd8 Kg7 70. Bf6+ Kh7 71. Kd3 Be1 72. Ke4 Bc3 73. Bg5 Kg7 74. Be3 Be1 75. Bg5 Bc3 76. Bf6+ Kh7 77. Kf4 Bd2+ 78. Ke4 Be1 79. Bg5 Bc3 80. Be3 Be1 81. Bg5 Bc3 82. Bd8 Be1 83. Be7 Bc3 84. Kf4 Bd2+ 85. Ke4 Bc3 86. Bf6 Be1 87. Kf4 Bd2+ 88. Ke4 Be1 89. Bg5 Bc3 90. Bf4 Be1 91. Bg5 Bc3 92. Bf6 Be1 93. Be7 Kg7 94. Kf4 Bd2+ 95. Ke4 Kh7 96. Bd8 Bc3 97. Kf4 Bd2+ 98. Ke4 Bc3 99. Bg5 1/2-1/2

[Event "10th Mumbai Mayors Cup 2017"]
[Site "Mumbai"]
[Date "2017.06.05"]
[Round "3"]
[White "Sangma, Rahul"]
[Black "Nagare Akhilesh"]
[Result "1-0"]
[ECO "C05"]
[WhiteElo "2337"]
[BlackElo "1865"]
[Annotator "NA"]
[PlyCount "95"]
[EventDate "2017.06.04"]
[EventType "swiss"]
[EventCountry "IND"]
[SourceTitle "playchess.com"]
[Source "ChessBase"]
[SourceQuality "1"]
[TimeControl "5400+30"]

1. e4 e6 2. d4 d5 3. Nd2 Nf6 4. e5 Nfd7 5. f4 c5 6. Ngf3 Nc6 7. Nb3 Be7 8. Be3 O-O 9. Nxc5 Nxc5 10. dxc5 f6 11. c3 fxe5 12. fxe5 Qc7 13. Bd4 Nxd4 14. cxd4 b6 15. b4 $11 (15. c6 $5) 15... bxc5 16. bxc5 Rxf3 17. Qxf3 Qa5+ 18. Kf2 Qd2+ 19. Be2 Qxd4+ 20. Qe3 Bxc5 21. Qxd4 Bxd4+ 22. Kf3 Bxa1 23. Rxa1 Bd7 24. Rb1 Rf8+ 25. Ke3 Bc6 26. g3 g6 27. Bg4 Re8 28. Rc1 Bb5 29. Rc7 a6 30. h4 h6 31. h5 g5 32. Kd4 Bc4 33. a4 Bb3 34. a5 Bc4 35. Rc8 Rxc8 36. Bxe6+ Kf8 37. Bxc8 Ke7 38. Bb7 Be2 39. Ke3 Bc4 40. Bc6 Ke6 41. Kd4 Be2 42. Bxd5+ Ke7 43. Bc4 Bxh5 44. Bxa6 Bf3 45. Bd3 h5 46. a6 h4 47. gxh4 gxh4 48. Be4 1-0

[Event "10th Mumbai Mayors Cup 2017"]
[Site "Mumbai"]
[Date "2017.06.05"]
[Round "3"]
[White "Mohammad Fahad, Rahman"]
[Black "Hrishikesh, Chavan"]
[Result "1-0"]
[ECO "E72"]
[WhiteElo "2305"]
[BlackElo "1814"]
[Annotator "NA"]
[PlyCount "69"]
[EventDate "2017.06.04"]
[EventType "swiss"]
[EventCountry "IND"]
[SourceTitle "playchess.com"]
[Source "ChessBase"]
[SourceQuality "1"]
[TimeControl "5400+30"]

1. c4 g6 2. g3 Bg7 3. Bg2 c6 4. Nc3 d6 5. e4 Nf6 6. Nge2 O-O 7. O-O e5 8. d4 Be6 9. b3 Qc8 10. Ba3 Rd8 11. Re1 $14 Na6 12. Rc1 Bh6 13. Rc2 Bh3 14. Bh1 Qe6 15. Bc1 Bg7 16. a3 h5 17. Bg5 Rd7 18. Qd2 Nh7 19. Bh6 Qf6 20. Be3 Qe7 21. b4 Nc7 22. d5 cxd5 23. exd5 f5 24. c5 Ne8 25. c6 Rdd8 26. Nb5 a6 27. Nbc3 Bf6 28. Na4 g5 29. Bb6 Rdc8 30. Ba5 f4 31. Nb6 Bf5 32. Rc4 e4 33. Nd4 Bg6 34. Bxe4 Bxe4 35. Nf5 1-0

[Event "10th Mumbai Mayors Cup 2017"]
[Site "Mumbai"]
[Date "2017.06.05"]
[Round "3"]
[White "Raahul V S"]
[Black "Mohith R"]
[Result "1-0"]
[ECO "A18"]
[WhiteElo "2282"]
[BlackElo "1664"]
[Annotator "NA"]
[PlyCount "65"]
[EventDate "2017.06.04"]
[EventType "swiss"]
[EventCountry "IND"]
[SourceTitle "playchess.com"]
[Source "ChessBase"]
[SourceQuality "1"]
[TimeControl "5400+30"]

1. c4 Nf6 2. Nc3 e6 3. e4 e5 4. Nf3 Nc6 5. d4 exd4 6. Nxd4 Bc5 7. Nf5 O-O 8. Be3 Bxe3 9. Nxe3 d6 10. Be2 Re8 11. f3 Nh5 12. O-O Nf4 13. Ncd5 $14 (13. Ned5 $5 Nxe2+ 14. Qxe2 $14 (14. Nxe2 Bd7 $14)) 13... Ng6 14. Rc1 Nce7 15. Qd2 Be6 16. f4 f5 17. Bd3 Rf8 18. Nxe7+ Nxe7 19. exf5 Bd7 20. Be4 Qc8 21. c5 Nxf5 22. Bxf5 Bxf5 23. cxd6 c6 24. Nxf5 Rxf5 25. Rfe1 Qd8 26. Re7 Rd5 27. Qc3 Qf8 28. Rxb7 Rxd6 29. Rc7 Rad8 30. g3 Rd2 31. Rxc6 Qf5 32. Rc8 Qg4 33. Qxd2 1-0

[Event "10th Mumbai Mayors Cup 2017"]
[Site "Mumbai"]
[Date "2017.06.05"]
[Round "3"]
[White "Rahman, Syed Mahfuzur"]
[Black "Aditya P Melani"]
[Result "1-0"]
[ECO "B40"]
[WhiteElo "2260"]
[BlackElo "1597"]
[Annotator "NA"]
[PlyCount "85"]
[EventDate "2017.06.04"]
[EventType "swiss"]
[EventCountry "IND"]
[SourceTitle "playchess.com"]
[Source "ChessBase"]
[SourceQuality "1"]
[TimeControl "5400+30"]

1. e4 c5 2. Nf3 e6 3. d4 cxd4 4. Nxd4 Nf6 5. Nc3 Bb4 6. e5 Nd5 $1 7. Bd2 {LiveBook: 174 Games} Bxc3 8. bxc3 a6 9. Qg4 g6 $16 10. c4 Ne7 11. Bd3 Nbc6 12. Nxc6 Nxc6 13. Bc3 Nxe5 14. Qd4 f6 15. f4 Nxd3+ 16. cxd3 b5 17. Qxf6 Qxf6 18. Bxf6 O-O 19. Be5 bxc4 20. dxc4 Bb7 21. Kf2 g5 22. Rhd1 Bc6 23. g3 gxf4 24. gxf4 Kf7 25. Rd3 Rg8 26. Rh3 Rg2+ 27. Ke3 Kg6 28. Kd4 h6 29. Rd1 Kh7 30. a3 Rag8 31. Kc5 Rc2 32. Rdd3 Bd5 33. Bc3 Bc6 34. Kd6 Rcg2 35. Kc7 Rg1 36. c5 R1g4 37. Be5 a5 38. Rxd7+ Bxd7 39. Kxd7 Rg1 40. Rd3 Ra8 41. c6 Rgg8 42. c7 Rge8 43. Rb3 1-0

[Event "10th Mumbai Mayors Cup 2017"]
[Site "Mumbai"]
[Date "2017.06.05"]
[Round "3"]
[White "Pinge, Shubham D"]
[Black "Sai Krishna G V"]
[Result "0-1"]
[ECO "C56"]
[WhiteElo "2017"]
[BlackElo "2339"]
[Annotator "NA"]
[PlyCount "52"]
[EventDate "2017.06.04"]
[EventType "swiss"]
[EventCountry "IND"]
[SourceTitle "playchess.com"]
[Source "ChessBase"]
[SourceQuality "1"]
[TimeControl "5400+30"]

1. e4 e5 2. Nf3 Nc6 3. d4 exd4 4. Bc4 Nf6 5. e5 d5 6. Bb5 Ne4 7. Nxd4 Bd7 8. Bxc6 bxc6 9. O-O Bc5 10. f3 Ng5 11. f4 Ne4 12. Be3 O-O 13. Nd2 Nxd2 14. Qxd2 Bb6 {C56: Two Knights: 4 d4 exd4 5 0-0 Nxe4} (14... f6 15. Nb3 Bb6 16. Bc5 fxe5 17. fxe5 Qh4 18. Kh1 Rxf1+ 19. Rxf1 Re8 20. Qe3 h6 21. Qf3 Qg4 22. Qf7+ Kh7 {0-1 (76) Socko,B (2604)-Ernst,T (2368) Sweden 2017}) 15. c3 c5 16. Nb3 c4 17. Bxb6 $146 ({Predecessor:} 17. Nd4 c5 18. Nf3 Bc6 19. Qf2 Qe7 20. Qg3 {0-1 (35) Mesaros,S (1782)-Arztmann,N (1862) Linz 2013}) 17... axb6 18. Nd4 c5 19. Nf3 Bf5 20. a3 Qd7 21. Rad1 Rad8 22. Rfe1 Bd3 $15 23. g3 Rfe8 24. Re3 d4 25. Rxd3 cxd3 26. Qxd3 dxc3 0-1

[Event "10th Mumbai Mayors Cup 2017"]
[Site "Mumbai"]
[Date "2017.06.05"]
[Round "3"]
[White "Badrinath, S."]
[Black "Phuyal, Aashish"]
[Result "1-0"]
[ECO "A05"]
[WhiteElo "1977"]
[BlackElo "1839"]
[Annotator "NA"]
[PlyCount "69"]
[EventDate "2017.06.04"]
[EventType "swiss"]
[EventCountry "IND"]
[SourceTitle "playchess.com"]
[Source "ChessBase"]
[SourceQuality "1"]
[TimeControl "5400+30"]

1. Nf3 Nf6 2. g3 b6 3. Bg2 Bb7 4. O-O e6 5. d3 c5 6. e4 d6 7. Re1 Nbd7 8. a4 a6 9. Na3 Be7 10. c3 O-O 11. Bf4 Re8 12. h3 Bc6 13. g4 b5 14. Nd2 Ne5 $11 15. Qc2 Ng6 16. Bg3 Nd7 17. d4 Qb6 18. axb5 axb5 19. d5 exd5 20. exd5 Bb7 21. c4 b4 22. Nb5 Ba6 23. Rxa6 Rxa6 24. Bxd6 Qd8 25. Bc7 Qc8 26. Ne4 Nf6 27. Qe2 Nxe4 28. Qxe4 Rf8 29. d6 Bf6 30. Qb7 Qxb7 31. Bxb7 Ra2 32. d7 Rxb2 33. Bd6 Rd8 34. Re8+ Nf8 35. Bxf8 1-0

[Event "10th Mumbai Mayors Cup 2017"]
[Site "Mumbai"]
[Date "2017.06.05"]
[Round "3"]
[White "Shetye, Siddhali"]
[Black "Rathanvel, V S"]
[Result "1/2-1/2"]
[ECO "D93"]
[WhiteElo "1932"]
[BlackElo "2332"]
[Annotator "NA"]
[PlyCount "50"]
[EventDate "2017.06.04"]
[EventType "swiss"]
[EventCountry "IND"]
[SourceTitle "playchess.com"]
[Source "ChessBase"]
[SourceQuality "1"]
[TimeControl "5400+30"]

1. d4 Nf6 2. c4 g6 3. Nc3 d5 4. Nf3 Bg7 5. Bf4 O-O 6. e3 c5 7. dxc5 Qa5 8. Rc1 dxc4 9. Bxc4 Qxc5 10. Bb3 Nc6 11. O-O Qa5 12. h3 Bf5 13. Qe2 Ne4 14. g4 Nxc3 15. bxc3 e5 16. Bg3 Bd7 17. Rfd1 Qc7 18. Ng5 $14 (18. Qd3 $5 Rad8 19. Qe4 $14) 18... h6 19. Ne4 Na5 20. Bd5 Kh8 21. g5 h5 22. Nf6 Ba4 23. Rd2 Bd7 24. Rdd1 Ba4 25. Rd2 Bd7 1/2-1/2

[Event "10th Mumbai Mayors Cup 2017"]
[Site "Mumbai"]
[Date "2017.06.05"]
[Round "3"]
[White "Parthasarathy, R."]
[Black "Muthaiah AL"]
[Result "0-1"]
[ECO "B09"]
[WhiteElo "1922"]
[BlackElo "2297"]
[Annotator "NA"]
[PlyCount "64"]
[EventDate "2017.06.04"]
[EventType "swiss"]
[EventCountry "IND"]
[SourceTitle "playchess.com"]
[Source "ChessBase"]
[SourceQuality "1"]
[TimeControl "5400+30"]

1. e4 d6 2. d4 Nf6 3. Nc3 c6 4. f4 g6 5. Nf3 Bg7 6. Bd3 O-O 7. O-O Na6 8. a3 c5 9. d5 Nc7 10. a4 {LiveBook: 90 Games} b6 $14 11. Ne2 e6 12. c4 exd5 13. exd5 Na6 14. Bd2 Re8 15. Ng3 Ng4 16. Qc1 Nb4 17. Bb1 f5 18. h3 Nf6 19. Re1 Bd7 20. Ra3 Qc7 21. Rae3 Bxa4 22. Ng5 Bd7 23. Ne6 Bxe6 24. dxe6 Nc6 25. Bc3 Nd4 26. Qd1 Rad8 27. b3 Re7 28. Ne2 Nxe6 29. Ng3 Rde8 30. Nxf5 gxf5 31. Rg3 Nd4 32. Rxe7 Qxe7 0-1

[Event "10th Mumbai Mayors Cup 2017"]
[Site "Mumbai"]
[Date "2017.06.05"]
[Round "3"]
[White "Sarvesh Kumar A"]
[Black "Akash Pc, Iyer"]
[Result "0-1"]
[ECO "C10"]
[WhiteElo "1905"]
[BlackElo "2282"]
[Annotator "NA"]
[PlyCount "94"]
[EventDate "2017.06.04"]
[EventType "swiss"]
[EventCountry "IND"]
[SourceTitle "playchess.com"]
[Source "ChessBase"]
[SourceQuality "1"]
[TimeControl "5400+30"]

1. e4 Nc6 2. d4 d5 3. Nc3 e6 4. e5 Nge7 5. Nf3 Nf5 6. Be3 Bd7 7. Bd3 Nxe3 8. fxe3 Nb4 9. e4 Nxd3+ 10. Qxd3 c6 11. O-O Be7 12. Ne2 Qb6 13. c3 O-O-O 14. b4 f6 15. a4 dxe4 16. Qxe4 f5 17. Qd3 g5 18. a5 Qc7 19. Rfb1 Be8 20. Qc4 Rd5 21. Qb3 Kb8 22. c4 Rd8 23. b5 cxb5 24. cxb5 Qd7 25. b6 a6 26. Rc1 Qd5 27. Qxd5 Rxd5 28. Rc7 Bd8 29. Nc3 Rd7 30. Rxd7 Bxd7 31. d5 exd5 32. Nxd5 Bc6 33. Nf6 Be7 34. Nxg5 Rd8 35. Re1 Bc5+ 36. Kh1 Bb4 37. Rb1 Bxa5 38. e6 Bb4 39. h4 Be7 40. Nfxh7 Rd4 41. Rc1 Rxh4+ 42. Kg1 Rg4 43. Nf3 Bxf3 44. Rc7 Rg7 45. Ng5 Bc6 46. Nf7 Bc5+ 47. Kf1 Rg8 0-1

[Event "10th Mumbai Mayors Cup 2017"]
[Site "Mumbai"]
[Date "2017.06.05"]
[Round "3"]
[White "Adarsh Tripathi"]
[Black "Das, Sayantan"]
[Result "0-1"]
[ECO "C11"]
[WhiteElo "1866"]
[BlackElo "2401"]
[Annotator "NA"]
[PlyCount "120"]
[EventDate "2017.06.04"]
[EventType "swiss"]
[EventCountry "IND"]
[SourceTitle "playchess.com"]
[Source "ChessBase"]
[SourceQuality "1"]
[TimeControl "5400+30"]

1. e4 e6 2. Nc3 d5 3. Nf3 Nf6 4. e5 Nfd7 5. d4 c5 6. dxc5 Nc6 7. Bf4 Nxc5 8. Be3 a6 9. Qd2 Qc7 10. O-O-O b5 11. Bxc5 Bxc5 12. Qg5 O-O 13. Bd3 h6 14. Qg3 $17 Bd7 15. h4 Rac8 16. h5 Nb4 17. Kb1 Be7 18. Nd4 f6 19. Qg6 Nxd3 20. Rxd3 Qxe5 21. Rg3 f5 22. Nxe6 Bxe6 23. Re3 Bf7 24. Rxe5 Bxg6 25. hxg6 Bf6 26. Rxd5 Bxc3 27. bxc3 Rc6 28. Rh5 Rxg6 29. Rdxf5 Rxg2 30. Rxf8+ Kxf8 31. Rf5+ Ke7 32. Kb2 g6 33. Rf3 h5 34. c4 bxc4 35. Kc3 Rg4 36. Kd2 h4 37. Ke2 Re4+ 38. Kf1 a5 39. Kg2 Ke6 40. Ra3 Re5 41. Ra4 Rc5 42. Ra3 g5 43. Kh3 Kf5 44. Rf3+ Kg6 45. Rf8 Rf5 46. Rg8+ Kf7 47. Rc8 Rxf2 48. Rxc4 Kg6 49. Rc8 Rf3+ 50. Kg2 Ra3 51. Rg8+ Kh5 52. Rh8+ Kg4 53. Rc8 Rxa2 54. Rc4+ Kh5 55. Rc8 a4 56. Kf3 Ra1 57. Rh8+ Kg6 58. Rg8+ {Ra8 Rf1 Kg2 Rf4 Ra6} Kf5 {Kh3 Rf3} 59. Kg2 {Rg3 Kh2} a3 {Ra5 Kg4 Ra4 Kh5 Rc4 Re3 Rc5 h3 Rc4 a2 Ra4 g4} 60. Ra8 {Re2 Kg3 Rg2} Kf4 {h2 Kf5 Rf2 Ke5 g32} 0-1

[Event "10th Mumbai Mayors Cup 2017"]
[Site "Mumbai"]
[Date "2017.06.05"]
[Round "3"]
[White "Yash Dhoke"]
[Black "Saravana, Krishnan P"]
[Result "0-1"]
[ECO "E33"]
[WhiteElo "1828"]
[BlackElo "2353"]
[Annotator "NA"]
[PlyCount "68"]
[EventDate "2017.06.04"]
[EventType "swiss"]
[EventCountry "IND"]
[SourceTitle "playchess.com"]
[Source "ChessBase"]
[SourceQuality "1"]
[TimeControl "5400+30"]

1. d4 Nf6 2. c4 Nc6 3. Nf3 e6 4. Nc3 Bb4 5. Qc2 d6 6. Bd2 O-O 7. a3 Bxc3 8. Bxc3 Qe7 9. e4 e5 10. d5 Nb8 11. b4 Nh5 12. Be2 Nf4 13. O-O f5 14. h3 Qf7 15. Kh2 h6 $15 ({Better is} 15... fxe4 $17 16. Qxe4 Bxh3) 16. Ng1 fxe4 17. Qxe4 b5 18. g3 Bf5 19. Qe3 Nxe2 20. Qxe2 bxc4 21. Qxc4 Nd7 22. Rad1 Nb6 23. Qb5 a6 24. Qe2 Nxd5 25. Bb2 Bd7 26. Qd2 Bb5 27. Ne2 c6 28. Ra1 Qf3 29. Ng1 Qh5 30. Rfe1 Qg5 31. Qc2 Bd3 32. Qxd3 Rxf2+ 33. Kh1 Rxb2 34. h4 Qd2 0-1

[Event "10th Mumbai Mayors Cup 2017"]
[Site "Mumbai"]
[Date "2017.06.05"]
[Round "3"]
[White "Om Kharola"]
[Black "Vishwanath, Prasad"]
[Result "1/2-1/2"]
[ECO "B92"]
[WhiteElo "1794"]
[BlackElo "1974"]
[Annotator "NA"]
[PlyCount "90"]
[EventDate "2017.06.04"]
[EventType "swiss"]
[EventCountry "IND"]
[SourceTitle "playchess.com"]
[Source "ChessBase"]
[SourceQuality "1"]
[TimeControl "5400+30"]

1. e4 c5 2. Nf3 d6 3. d4 cxd4 4. Nxd4 Nf6 5. Nc3 a6 6. Be2 e5 7. Nb3 Be7 8. O-O Be6 9. Bg5 Nbd7 10. Qd2 b5 {B92: Sicilian Najdorf: 6 Be2} 11. a3 Bxb3 $146 ({Predecessor:} 11... O-O 12. Rad1 Rc8 13. f4 a5 14. Bxf6 Qb6+ 15. Kh1 Nxf6 16. f5 Bc4 17. h3 b4 18. axb4 axb4 {0-1 (38) Simon,J (2210)-Zagrebelny,S (2450) Hungary 1991}) 12. cxb3 Nc5 13. Bxf6 Bxf6 14. Rad1 Nxb3 15. Qxd6 Qxd6 16. Rxd6 Nd4 17. Bg4 h5 18. Bh3 O-O 19. Nd5 Bg5 20. g3 Rfd8 21. Rb6 Nf3+ 22. Kg2 Nd2 23. Re1 Nc4 24. Rb7 Nxb2 25. Nc7 $17 Nd3 26. Rb1 Nc5 27. Rb6 Ra7 28. Rc6 Nxe4 29. Nxa6 Raa8 30. Re1 Rd6 31. Rxd6 Nxd6 32. Nc7 Ra7 33. Nxb5 Nxb5 34. Rxe5 Nxa3 35. Rxg5 g6 36. Rc5 f5 37. Bxf5 gxf5 38. Rxf5 Rh7 39. Ra5 Nc4 40. Ra8+ Kg7 41. Ra7+ Kg6 42. Rxh7 Kxh7 43. g4 hxg4 44. Kg3 Ne5 45. Kf4 Nd3+ 1/2-1/2

[Event "10th Mumbai Mayors Cup 2017"]
[Site "Mumbai"]
[Date "2017.06.05"]
[Round "3"]
[White "Eesha Ajay Sarda"]
[Black "Wagh Suyog"]
[Result "0-1"]
[ECO "D35"]
[WhiteElo "1720"]
[BlackElo "2215"]
[Annotator "NA"]
[PlyCount "112"]
[EventDate "2017.06.04"]
[EventType "swiss"]
[EventCountry "IND"]
[SourceTitle "playchess.com"]
[Source "ChessBase"]
[SourceQuality "1"]
[TimeControl "5400+30"]

1. d4 Nf6 2. Nf3 d5 3. c4 e6 4. cxd5 exd5 5. Nc3 c6 6. Bg5 Be7 7. e3 Bf5 8. Bd3 Bxd3 9. Qxd3 O-O 10. O-O Nbd7 11. Rab1 a5 $11 12. Ne2 Ne4 13. Bxe7 Qxe7 14. Ng3 g6 15. Nd2 Nd6 16. f4 Rfe8 17. Rbe1 Nf6 18. f5 a4 19. Rf4 Rad8 20. Qc2 a3 21. b3 g5 22. Rf3 Nb5 23. Qd3 Qb4 24. Rff1 Qc3 25. Qxc3 Nxc3 26. Nf3 Nxa2 27. Ra1 Nc3 28. Rxa3 Nb5 29. Ra4 Rxe3 30. Nxg5 Rxb3 31. Re1 Kf8 32. Nf3 Rd3 33. Ne2 Re8 34. h3 Rde3 35. Kf2 Rxe2+ 36. Rxe2 Rxe2+ 37. Kxe2 Nc3+ 38. Kd3 Nxa4 39. g4 Nb6 40. Ne5 Nbd7 41. g5 Nxe5+ 42. dxe5 Ne4 43. h4 c5 44. Ke3 b5 45. Kd3 b4 46. Kc2 c4 47. e6 fxe6 48. fxe6 d4 49. Kc1 d3 50. Kd1 c3 51. Kc1 b3 52. e7+ Kxe7 53. h5 b2+ 54. Kb1 Nd2+ 55. Ka2 b1=Q+ 56. Ka3 Qb3# 0-1

[Event "10th Mumbai Mayors Cup 2017"]
[Site "Mumbai"]
[Date "2017.06.06"]
[Round "4"]
[White "Nandhidhaa, Pv."]
[Black "Jishitha D"]
[Result "0-1"]
[ECO "B20"]
[WhiteElo "2249"]
[BlackElo "1933"]
[Annotator "NA"]
[PlyCount "164"]
[EventDate "2017.06.04"]
[EventType "swiss"]
[EventCountry "IND"]
[SourceTitle "playchess.com"]
[Source "ChessBase"]
[SourceQuality "1"]
[TimeControl "5400+30"]

1. e4 c5 2. b3 g6 3. Bb2 Nf6 4. e5 Nd5 5. h4 Bg7 6. Qf3 e6 7. h5 Nc6 8. Qg3 {[#]} d6 $1 9. Nf3 dxe5 10. Na3 Nd4 11. O-O-O Nf4 12. Re1 Nxf3 13. Qxf3 $14 Nxh5 14. Bxe5 Bxe5 15. Rxe5 Qd4 16. Bb5+ Kf8 17. Rhe1 Qb4 18. Kb2 Qd4+ 19. Kb1 Qb4 20. R5e4 c4 21. Kb2 Qe7 22. Bxc4 Qf6+ 23. Qxf6 Nxf6 24. Rf4 Kg7 25. Nb5 Rd8 26. Kc1 a6 27. Nc3 b5 28. Be2 Bb7 29. Bf3 Bxf3 30. Rxf3 Rac8 31. Ne4 Nd5 32. a3 Rc7 33. Kb2 Rdc8 34. c3 h6 35. d4 Rc6 36. Nc5 a5 37. a4 b4 38. c4 Nb6 39. Nb7 Nd7 40. Nxa5 Ra6 41. Nb7 Rc7 42. Nc5 Nxc5 43. dxc5 Rxc5 44. Rd1 Ra7 45. Rd6 Re5 46. Rfd3 Rb7 47. Kc2 Rf5 48. Rd2 Kf6 49. f3 h5 50. Rd7 Rxd7 51. Rxd7 Rg5 52. Rd2 Ke5 53. Kd1 Kf4 54. Ra2 Ra5 55. Ke2 Kg3 56. Kf1 f5 57. Re2 Ra6 58. Re5 g5 59. Rb5 Rd6 60. a5 h4 61. Rxb4 Rd1+ 62. Ke2 Ra1 63. Ra4 Rb1 64. a6 Rb2+ 65. Kd1 Rxg2 66. a7 h3 67. a8=Q h2 68. Qb8+ f4 69. Qh8 Rg1+ 70. Ke2 h1=Q 71. Qxh1 Rxh1 72. Ra5 g4 73. Rg5 Rh2+ 74. Kd3 Kxf3 75. c5 Rh8 76. b4 Kg3 77. Rg6 Rf8 78. Rxe6 f3 79. Re1 f2 80. Rc1 Kf3 81. c6 g3 82. c7 g2 0-1

[Event "10th Mumbai Mayors Cup 2017"]
[Site "Mumbai"]
[Date "2017.06.06"]
[Round "4"]
[White "Aakash Sharadchandra, Dalvi"]
[Black "Aditya Mittal"]
[Result "0-1"]
[ECO "D19"]
[WhiteElo "1855"]
[BlackElo "2211"]
[Annotator "NA RC"]
[PlyCount "106"]
[EventDate "2017.06.04"]
[EventType "swiss"]
[EventCountry "IND"]
[SourceTitle "playchess.com"]
[Source "ChessBase"]
[SourceQuality "1"]
[TimeControl "5400+30"]

1. d4 d5 2. c4 c6 3. Nf3 Nf6 4. Nc3 dxc4 5. a4 Bf5 6. e3 e6 7. Bxc4 Bb4 8. O-O O-O 9. Qe2 Nbd7 10. e4 Bg4 11. e5 Nd5 12. Ne4 c5 13. h3 Bxf3 14. Qxf3 cxd4 15. Qg3 Ne7 16. Ng5 Nf5 $15 17. Qb3 Qe7 18. g4 Nh4 19. f4 d3 20. Qxd3 Ng6 21. Qb3 a5 22. f5 Ngxe5 23. fxe6 Qc5+ 24. Kh1 Qxc4 25. Qxc4 Nxc4 26. exd7 Rad8 27. b3 Nb6 28. Be3 Nd5 29. Bd4 Rxd7 30. Rad1 Rfd8 31. Bb2 Ne3 32. Rxd7 Rxd7 33. Rc1 Rd1+ 34. Rxd1 Nxd1 35. Bd4 Nc3 36. Bxc3 Bxc3 37. Kg2 f6 38. Ne6 Kf7 39. Nf4 Be5 40. Nd3 Ke6 41. Kf3 Kd5 42. Ke3 Bd4+ 43. Kf3 Bb6 44. Nf4+ Kd4 45. Ne6+ Kc3 46. Nxg7 Kxb3 47. Nh5 Kxa4 48. Nxf6 Kb3 49. Ke4 a4 50. Nxh7 a3 51. g5 a2 52. g6 a1=Q 53. g7 Qxg7 0-1